Map: Ruins of Seras

Players

LiquidMaNa (MaNa) - Winner!

  • Race: Protoss Protoss
  • League: Grandmaster

MarineLorD

  • Race: Terran Terran
  • League: Platinum

Event: Homestory Cup XII

VOD

Have the link to the VOD?

Description

Time

  • Played on: Dec. 17, 2015, 11:16 a.m.
  • Length: 6:04

All games in this series

Show
View Real Time Build Order
Export as new Build Order

LiquidMaNa Protoss - Winner!

Build Orders: Blink Stalkers 

Get SALT Encoding   

  12  0:00  Probe (Chrono Boost)  
  13  0:11  Probe (Chrono Boost)  
  14  0:18  Pylon  
  14  0:22  Probe (Chrono Boost)  
  15  0:36  Probe (Chrono Boost)  
  15  0:37  Gateway  
  16  0:46  Probe (Chrono Boost)  
  16  0:49  Assimilator  
  18  0:57  Probe (Chrono Boost)  
  18  1:01  Assimilator  
  18  1:07  Probe (Chrono Boost)  
  18  1:09  Gateway  
  19  1:18  Probe (Chrono Boost)  
  20  1:26  Cybernetics Core  
  20  1:28  Probe (Chrono Boost)  
  21  1:37  Pylon  
  21  1:41  Probe (Chrono Boost)  
  22  1:52  Probe (Chrono Boost)  
  23  2:03  Adept x2  
  23  2:04  Warp Gate (Chrono Boost)  
  27  2:11  Mothership Core (Chrono Boost)  
  29  2:17  Pylon  
  29  2:35  Twilight Council  
  29  2:40  Stalker  
  31  2:47  Stalker  
  33  2:58  Pylon  
  33  3:13  Blink (Chrono Boost)  
  33  3:22  Robotics Facility  
  33  3:31  Pylon  
  33  3:32  Pylon  
  28  4:03  Stalker x2  
  28  4:04  Gateway  
  32  4:23  Gateway  
  32  4:27  Stalker x2  
  36  4:33  Observer  
  37  4:42  Probe  
  38  4:51  Stalker x2  
  42  4:58  Observer  
  39  5:18  Adept x3  
  43  5:34  Mothership Core  
  38  5:40  Stalker  
Show
View Real Time Build Order
Export as new Build Order

MarineLorD Terran 

Build Orders: 1/1/1, Liberator Opening 

Get SALT Encoding   

  12  0:00  SCV  
  13  0:13  SCV  
  14  0:17  Supply Depot  
  14  0:25  SCV  
  15  0:39  SCV  
  15  0:41  Barracks  
  16  0:45  Refinery  
  16  0:51  SCV  
  17  0:58  Refinery  
  17  1:03  SCV  
  18  1:15  SCV  
  19  1:27  Orbital Command  
  19  1:28  Marine  
  20  1:35  Factory  
  20  1:47  Barracks Reactor  
  20  1:50  Supply Depot  
  20  1:53  SCV  
  21  2:05  SCV  
  22  2:17  SCV  
  22  2:20  Hellion  
  25  2:22  Starport  
  25  2:26  Marine  
  25  2:27  Supply Depot  
  25  2:29  SCV, Marine  
  28  2:41  SCV, Hellion  
  28  2:44  Marine  
  31  2:49  Marine  
  32  2:53  SCV  
  32  2:54  Supply Depot  
  33  2:58  Medivac  
  35  3:05  Hellion  
  35  3:08  Marine  
  35  3:11  Marine  
  37  3:14  SCV  
  38  3:26  SCV  
  38  3:27  Marine  
  39  3:29  Marine  
  41  3:38  SCV  
  38  3:41  Liberator  
  38  3:44  Marine  
  38  3:46  Marine  
  39  3:58  Widow Mine  
  39  4:01  Supply Depot  
  39  4:02  Supply Depot  
  41  4:23  SCV, Marine  
  43  4:24  Liberator  
  43  4:27  Bunker  
  43  4:29  Command Center  
  42  4:35  Factory Tech Lab, SCV  
  43  4:45  Supply Depot  
  46  4:47  SCV  
  46  4:48  Supply Depot  
  47  5:01  Marine  
  47  5:05  SCV  
  47  5:07  Siege Tank  
  44  5:17  SCV  
  44  5:18  Marine  
  39  5:29  SCV  
  33  5:36  Marine  
  34  5:47  SCV  
Tags
 
Add a new tag
Caveats
  • Supply blocks, unpowered buildings, or Contaminate may cause inaccurate times.
  • Supply counts are checked every 10 seconds.